 Dungeon Crawl Stone Soup version 0.30-a0-23-ge60ba3568b (webtiles) character file.

Game seed: 5051388601355116120

3414 Daxter95 the Protected (level 9, 0/83 HPs)
             Began as a Minotaur Berserker on Aug 23, 2022.
             Was an Elder of Trog.
             Shot with an arrow by a centaur (4 damage)
             ... on level 7 of the Dungeon on Aug 24, 2022.
             The game lasted 00:23:42 (6765 turns).

Daxter95 the Protected (Minotaur Berserker)         Turns: 6765, Time: 00:23:42

Health: 0/83       AC: 17    Str: 26    XL:     9   Next: 76%
Magic:  8/8        EV: 11    Int:  4    God:    Trog [****..]
Gold:   305        SH:  0    Dex: 16    Spells: 8/8 levels left

rFire   . . .      SeeInvis .    q - +3 quarterstaff (chaos)
rCold   . . .      Faith    .    (shield currently unavailable)
rNeg    . . .      Spirit   .    s - +0 chain mail
rPois   .          Reflect  .    (helmet restricted)
rElec   .          Harm     .    g - +0 cloak
rCorr   .          Rampage  .    I - +1 pair of gloves
Will    .....                    G - +0 pair of boots
Stlth   ..........               y - amulet of magic regeneration
HPRegen 0.23/turn                f - ring of flight
MPRegen 0.51/turn                N - +6 ring of dexterity

@: on berserk cooldown, flying, slowed, very slow
A: horns 2, retaliatory headbutt
a: Renounce Religion, Berserk, Trog's Hand, Brothers in Arms


You were on level 7 of the Dungeon.
You worshipped Trog.
Trog was greatly pleased with you.
You visited 1 branch of the dungeon, and saw 7 of its levels.

You collected 305 gold pieces.

Inventory:

Hand Weapons
 a - a +0 mace
 q - a +3 quarterstaff of chaos (weapon)
 r - a +0 hammer
 A - a +2 vampiric dagger
 D - a +0 club
 E - a +0 dagger
 F - a +0 arbalest
 K - a +3 dire flail of freezing
 L - a +2 short sword of freezing
 O - a +3 war axe
Missiles
 J - 2 boomerangs
Armour
 b - a +0 animal skin
 g - a +0 cloak (worn)
 h - a +0 leather armour
 s - a +0 chain mail (worn)
 G - a +0 pair of boots (worn)
 I - a +1 pair of gloves (worn)
Jewellery
 f - a ring of flight (left hand)
 y - an amulet of magic regeneration (around neck)
 B - a ring of positive energy
 N - a +6 ring of dexterity (right hand)
Wands
 u - a wand of paralysis (4)
 w - a wand of iceblast (9)
 H - a wand of light (6)
 M - a wand of flame (3)
Scrolls
 c - 3 scrolls of poison {unknown}
 d - 2 scrolls of amnesia {unknown}
 i - 6 scrolls of identify {unknown}
 j - 4 scrolls of teleportation {unknown}
 k - 2 scrolls of immolation {unknown}
 l - a scroll of brand weapon {unknown}
 o - a scroll of acquirement {unknown}
 p - a scroll of vulnerability {unknown}
 v - 2 scrolls of enchant armour {unknown}
 C - a scroll of magic mapping {unknown}
Potions
 e - 2 potions of heal wounds {unknown}
 m - a potion of curing {unknown}
 n - a potion of magic {unknown}
 t - 2 potions of attraction {unknown}
 x - a potion of brilliance {unknown}
 z - 2 potions of haste {unknown}
 P - a potion of ambrosia {unknown}


   Skills:
 * Level 9.2 Fighting
 * Level 7.6(8.0) Maces & Flails
 * Level 3.9(4.6) Polearms
 - Level 3.6(6.6) Staves
 * Level 10.2 Armour
 * Level 5.2 Dodging
 - Level 1.0 Stealth


You had 8 spell levels left.
You didn't know any spells.
Your spell library was empty.

Dungeon Overview and Level Annotations

Branches:
Dungeon (7/15)             Temple (0/1) D:5

Altars:
Fedhas
Makhleb
Qazlal
Vehumet
Zin

Shops:
D:7 ?


Innate Abilities, Weirdness & Mutations

You have a pair of horns on your head.
You reflexively headbutt those who attack you in melee.


Message History

a +0 dagger; a +0 robe You barely miss the yak.
The yak is severely wounded.
The yak gores you!
* * * LOW HITPOINT WARNING * * *
You barely miss the yak. Your headbutt misses the yak.
The yak is severely wounded.
The yak gores you but does no damage. The yak closely misses you.
You barely miss the yak.
The yak is severely wounded.
The yak closely misses you.
You hit the yak.
The yak is severely wounded.
The yak gores you!
* * * LOW HITPOINT WARNING * * *
The yak closely misses you.
You barely miss the yak.
The yak is severely wounded.
The yak misses you.
You hit the yak.
The yak is poisoned.
The yak is almost dead.
A centaur comes into view.
The yak closely misses you.
You closely miss the yak. You headbutt the yak.
You kill the yak!
Trog accepts your kill.
The centaur wields a +0 shortbow.
The centaur shoots an arrow.
The arrow closely misses you.
The centaur shoots an arrow.
The arrow misses you.
The centaur shoots an arrow.
The arrow barely misses you.
The centaur shoots an arrow.
The arrow hits you.
* * * LOW HITPOINT WARNING * * *
There is an escape hatch in the ceiling, spattered with blood here.
Items here: ) [ †††.
The centaur shoots an arrow.
The arrow barely misses you.
The centaur shoots an arrow.
The arrow hits you but does no damage.
The centaur shoots an arrow.
The arrow hits you!
* * * LOW HITPOINT WARNING * * *
The centaur shoots an arrow.
The arrow closely misses you.
The centaur shoots an arrow.
The arrow hits you.
You die...

..#.....# #...............
..#.....#####...<...........
...............<............
........######..............
.....#.[#######.....#.......
.#...#..........# .$.....
.#.....#####.##.#####.......
........## #.......<†c......
##...#...######.@#))).......
##..).....#........##.......
....).............## .......
#.................# .......
##................# .......
##................. .......
#........[......... .......
#.................. .......
#..........


You could see a centaur.

Vanquished Creatures
  A hydra (D:7)
  4 yaks (D:7)
  2 black bears
  2 ice beasts
  A sky beast (D:6)
  A phantom (D:4)
  3 bullfrogs
  4 scorpions
  A gnoll sergeant (D:6)
  10 wights
  2 hounds
  4 orc priests
  Crazy Yiuf (D:2)
  2 jellies (D:5)
  An iguana (D:3)
  6 orc wizards
  9 adders
  3 gnolls (D:6)
  2 white imps (D:7)
  An ufetubus (D:5)
  A worm (D:2)
  4 dart slugs
  35 orcs
  6 ball pythons
  2 endoplasms
  2 giant cockroaches (D:1)
  6 goblins
  8 hobgoblins
  7 jackals
  5 kobolds
  2 quokkas
  6 bats
  4 frilled lizards
  6 rats
  A bush (D:1)
155 creatures vanquished.

Notes
Turn   | Place    | Note
-------+----------+-------------------------------------------
     0 | D:1      | Daxter95 the Minotaur Berserker began the quest for the
                  | Orb.
     0 | D:1      | Reached XP level 1. HP: 19/19 MP: 0/0
   142 | D:1      | You fall into a shaft and drop 1 floor!
   153 | D:2      | Reached XP level 2. HP: 22/27 MP: 1/1
   507 | D:2      | Reached XP level 3. HP: 28/33 MP: 2/2
   852 | D:1      | Found a faded altar of an unknown god.
  1056 | D:1      | Reached ** piety under Trog
  1856 | D:2      | Reached XP level 4. HP: 40/41 MP: 3/3
  2291 | D:2      | Found the +3 warlock's mirror {reflect}
  2546 | D:2      | Found a runed translucent door.
  2547 | D:2      | Noticed Crazy Yiuf
  2757 | D:2      | Killed Crazy Yiuf
  2758 | D:2      | Reached skill level 5 in Maces & Flails
  2758 | D:2      | Reached skill level 3 in Armour
  3077 | D:3      | Reached XP level 5. HP: 27/47 MP: 4/4
  3623 | D:4      | Reached skill level 1 in Stealth
  3648 | D:4      | Reached skill level 1 in Staves
  4052 | D:4      | Noticed a phantom
  4066 | D:4      | Killed a phantom
  4067 | D:4      | Reached skill level 4 in Armour
  4067 | D:4      | Reached XP level 6. HP: 55/55 MP: 5/5
  4291 | D:4      | Found a radiant altar of Vehumet.
  4318 | D:4      | Reached skill level 5 in Fighting
  4432 | D:4      | Found a stormy altar of Qazlal.
  4433 | D:4      | Found a blossoming altar of Fedhas.
  4443 | D:4      | Found a burning altar of Makhleb.
  4445 | D:4      | Found a glowing silver altar of Zin.
  4527 | D:4      | Reached *** piety under Trog
  4707 | D:5      | Entered Level 5 of the Dungeon
  4826 | D:5      | Reached XP level 7. HP: 57/61 MP: 6/6
  4883 | D:5      | Upgraded the game from 0.30-a0-12-gd8047c6341 to
                  | 0.30-a0-23-ge60ba3568b
  4947 | D:5      | Reached skill level 5 in Armour
  5123 | D:5      | Found a staircase to the Ecumenical Temple.
  5134 | D:5      | Reached skill level 6 in Armour
  5809 | D:6      | Reached XP level 8. HP: 71/71 MP: 7/7
  5819 | D:6      | Reached skill level 1 in Polearms
  5819 | D:6      | Reached skill level 7 in Armour
  6173 | D:6      | Reached skill level 8 in Armour
  6501 | D:7      | Found Fystegge's Magic Scroll Emporium.
  6618 | D:7      | Found Cepuyl Iptass's Weapon Boutique.
  6683 | D:7      | Reached XP level 9. HP: 75/75 MP: 8/8
  6719 | D:7      | Reached **** piety under Trog
  6724 | D:7      | Noticed a six-headed hydra
  6731 | D:7      | Killed a six-headed hydra
  6732 | D:7      | Reached skill level 9 in Armour
  6732 | D:7      | Reached skill level 5 in Dodging
  6745 | D:7      | Reached skill level 10 in Armour
  6764 | D:7      | HP: 4/83 [centaur/arrow (7)]
  6765 | D:7      | Shot with an arrow by a centaur

Illustrated notes

Levels and vault maps discovered:
D:1:      sevenhm_arrival_forest_fort_large_4, layout_basic, serial_aquarium,
          aquarium_bridge_long_joined [aquarium_subvault_balcony,
          aquarium_subvault_wall, aquarium_subvault_bridge,
          aquarium_subvault_bridge, aquarium_subvault_wall,
          aquarium_subvault_bridge], aquarium_bridge_island_small
          [aquarium_subvault_small_water, aquarium_subvault_bridge,
          aquarium_subvault_bridge, aquarium_subvault_wall,
          aquarium_subvault_window], aquarium_window_1, aquarium_window_1,
          aquarium_view_2e, aquarium_view_2c, aquarium_balcony_5a,
          aquarium_pool_four, basic_ecumenical_altar
D:2:      layout_basic, kennysheep_generic_room_6, uniq_crazy_yiuf_cottage
D:3:      layout_basic, grunt_decor_cap
D:4:      layout_cave_pools, minitemple, serial_column_ruins, column_ruins_hut,
          column_ruins_square_large, column_ruins_grid_3,
          column_ruins_open_small, column_ruins_open_medium,
          column_ruins_grid_2, column_ruins_grid_1, column_ruins_open_medium
D:5:      layout_basic, minmay_temple_entry_tees
D:6:      layout_basic, kennysheep_generic_room_10
D:7:      layout_rooms, serial_shops, kennysheep_little_box,
          nicolae_inconvenience_store, nicolae_shop_hallway_stairs, shop

Skill      XL: |  1  2  3  4  5  6  7  8  9 |
---------------+----------------------------+-----
Maces & Flails | 4 5 6 7 |  7.6
Fighting       | 4 5 6 7 9 |  9.2
Armour         | 3 4 6 8 10 | 10.2
Dodging        | 3 4 5 |  5.2
Stealth        | 1 |  1.0
Staves         | 1 3 |  3.6
Polearms       | 2 3 |  3.9

Action                   |  1- 3 |  4- 6 |  7- 9 || total
-------------------------+-------+-------+-------++-------
Melee: Mace              |   126 |     6 |       ||   132
       Headbutt          |    31 |    13 |    19 ||    63
       Quarterstaff      |       |   112 |   132 ||   244
Invok: Berserk           |       |     6 |     4 ||    10
Evoke: Wand              |       |       |     2 ||     2
Armor: Animal skin       |    22 |       |       ||    22
       Leather armour    |    16 |     3 |       ||    19
       Chain mail        |       |   111 |    91 ||   202
Dodge: Dodged            |    79 |    95 |    85 ||   259

Table legend: (Time is in decaauts)
 A = Elapsed time spent in this place.
 B = Non-inter-level travel time spent in this place.
 C = Inter-level travel time spent in this place.
 D = Time resting spent in this place.
 E = Time spent auto-exploring this place.
 F = Levels seen in this place.
 G = Mean time per level.
                   A        B        C        D        E       F      G
               +--------+--------+--------+--------+--------+-----+--------+
         Total |   6885 |   6801 |     84 |    812 |   3174 |   7 |  983.6 |
       Dungeon |   6885 |   6801 |     84 |    812 |   3174 |   7 |  983.6 |
               +--------+--------+--------+--------+--------+-----+--------+

Top non-repeatable levels by time:
     D:2: 1619 daAuts
     D:1: 1293 daAuts
     D:4: 1143 daAuts
     D:6: 927 daAuts
     D:5: 899 daAuts
     D:3: 730 daAuts
     D:7: 272 daAuts
